 Dungeon Crawl Stone Soup version 0.31.0-32-g396128a36d (webtiles) character file.

Game seed: 6712780164254356126

18 trashops the Trooper (level 2, 0/27 HPs)
             Began as a Hill Orc Fighter on Apr 11, 2024.
             Shot with a sling bullet by a goblin (2 damage)
             ... on level 2 of the Dungeon.
             The game lasted 00:01:33 (806 turns).

trashops the Trooper (Hill Orc Fighter)              Turns: 806, Time: 00:01:34

Health: 0/27       AC:  6    Str: 18    XL:     2   Next: 70%
Magic:  2/2        EV:  9    Int:  8    God:
Gold:   58         SH:  4    Dex: 10    Spells: 1/1 levels left

rFire   + . .        a - +0 war axe
rCold   + . .        c - +0 buckler
rNeg    . . .        b - +0 scale mail
rPois   .            (no helmet)
rElec   .            f - scarf {rC+ rF+}
rCorr   .            (no gloves)
SInv    .            (no boots)
Will    .....        (no amulet) Stlth
                     (no ring)
HPRegen 0.24/turn    (no ring)
MPRegen 0.08/turn

%: no passive effects
@: no status effects
A: no striking features
a: no special abilities


You were on level 2 of the Dungeon.
You visited 1 branch of the dungeon, and saw 2 of its levels.

You collected 58 gold pieces.

Inventory:

Hand Weapons
 a - a +0 war axe (weapon)
Armour
 b - a +0 scale mail (worn)
 c - a +0 buckler (worn)
 f - a scarf of resistance (worn)
Scrolls
 e - a scroll of amnesia {unknown}
 g - a scroll of acquirement {unknown}
 i - a scroll of noise {unknown}
Potions
 d - a potion of might
 h - a potion of haste {unknown}
 j - a potion of lignification {unknown}


   Skills:
 * Level 4.0 Fighting
 * Level 3.0 Axes
 * Level 3.6 Armour
 + Level 0.1 Dodging
 + Level 3.4 Shields


You had one spell level left.
You didn't know any spells.
Your spell library contained the following spells:

 Spells                   Type           Power      Damage    Failure   Level
 Hailstorm                Conj/Ice       0%         3d5       99%         3
 Summon Ice Beast         Ice/Summ       0%         N/A       99%         3
 Sculpt Simulacrum        Ice/Alch       0%         N/A       100%        6


Dungeon Overview and Level Annotations

Branches:
Dungeon (2/15)

Altars:

Shops:
D:1 (?::(

Annotations:
D:2 Terence


Message History

The endoplasm freezes you.
You are frozen.
You resist.
You completely miss the endoplasm. The endoplasm freezes you.
You are frozen.
You resist. The endoplasm barely misses you.
You slash the endoplasm!
You kill the endoplasm!
Your Axes skill increases to level 3!
No target in view!
HP restored.
A goblin comes into view. It is wielding a +0 club.
The goblin shouts!
The goblin unwields a +0 club.
The goblin wields a +0 sling.
The goblin shoots a sling bullet.
The sling bullet hits you.
Terence the Incautious comes into view.
He is wielding a +0 flail.
Found a hand axe.
Terence shouts!
The goblin shoots a sling bullet.
The sling bullet hits you.
Found 6 gold pieces.
Terence looks scornfully at you.
The goblin shoots a sling bullet.
The sling bullet closely misses you.
A goblin comes into view. It is wielding a +0 club.
The goblin shoots a sling bullet.
The sling bullet barely misses you.
Found 4 stones.
The goblin shouts!
Terence hits you with a +0 flail!
The goblin shoots a sling bullet.
The sling bullet closely misses you.
You are too injured to fight recklessly!
You are too injured to fight recklessly!
You are too injured to fight recklessly!
You are too injured to fight recklessly!
The goblin shoots a sling bullet.
The sling bullet hits you.
You see here a fuming pink potion.
The goblin shoots a sling bullet.
The sling bullet hits you.
* * * LOW HITPOINT WARNING * * *
Terence attacks as he pursues you! Terence hits you but does no damage.
The goblin shoots a sling bullet.
The sling bullet hits you.
* * * LOW HITPOINT WARNING * * *
The goblin shoots a sling bullet.
The sling bullet hits you.
You die...

............#
#.......?.###
#########
#............
#.......#
#.g....^....#
+..)....#
#.......g...#
#.......#
#....!......#
#.......#
#..@..#+###.#
#.......###........#
#
#..).†..#...@......#
#.......#.###......#
#.......#.# #.....##
............#
#.###...
.............# ...
.... #............#
#.# ####
#............# #.#
+............. ..
............##


You could see Terence and 2 goblins.

Vanquished Creatures
  2 bats (D:1)
  2 endoplasms
  A hobgoblin (D:1)
  2 quokkas
  A frilled lizard (D:1)
  3 goblins (D:1)
  5 kobolds
  A rat (D:1)
17 creatures vanquished.

Notes
Turn   | Place    | Note
-------+----------+-------------------------------------------
     0 | D:1      | trashops the Hill Orc Fighter began the quest for the Orb.
     0 | D:1      | Reached XP level 1. HP: 19/19 MP: 1/1
    16 | D:1      | Noticed a walking divine tome
    18 | D:1      | Found Dej Ell's Book Boutique.
    21 | D:1      | Noticed a walking earthen tome
    93 | D:1      | Found Plog's Magic Scroll Boutique.
   283 | D:1      | Reached XP level 2. HP: 27/27 MP: 2/2
   405 | D:1      | Found Doxikk Taere's Book Shop.
   478 | D:1      | Found Nis Vimo's Antique Weapon Emporium.
   697 | D:1      | Found Timib's Weapon Boutique.
   757 | D:2      | Reached skill level 4 in Fighting
   798 | D:2      | Noticed Terence
   806 | D:2      | Shot with a sling bullet by a goblin

Illustrated notes

Levels and vault maps discovered:
D:1:      psy_arrival_fountain, layout_loops_ring, serial_shops, shop_statue,
          shop, nicolae_shop_mannequins, nicolae_shop_trees,
          nicolae_lakefront_shop
D:2:      layout_basic, uniq_terence

Skill      XL: |  1  2 |
---------------+-------+-----
Fighting       | 4 |  4.0
Axes           | 3 |  3.0
Armour         | |  3.6
Dodging        | |  0.1
Shields        | |  3.4

Action                     || total
---------------------------++-------
  Melee: War axe           ||    49
 Armour: Scale mail        ||    38
  Dodge: Dodged            ||    28
  Block: Buckler           ||     9
